 Dungeon Crawl Stone Soup version 0.25.1-2-g60ff931df9 (webtiles) character file.

Game seed: 4234788913343229904

1234 Delamore the Basher (level 8, -5/49 HPs)
             Began as a Gargoyle Fighter on Oct 14, 2020.
             Slain by an orc warrior
             ... wielding a +0 short sword
              (12 damage)
             ... on level 5 of the Dungeon.
             The game lasted 00:04:22 (6072 turns).

Delamore the Basher (Gargoyle Fighter)              Turns: 6072, Time: 00:04:22

Health: -5/49      AC: 12    Str: 23    XL:     8   Next: 48%
Magic:  8/8        EV:  7    Int:  8    God:
Gold:   281        SH: 11    Dex:  9    Spells: 7/7 levels left

rFire    . . .     SeeInvis .   a - +0 flail
rCold    . . .     Gourm    .   c - +1 kite shield
rNeg     + . .     Faith    .   b - +0 scale mail
rPois    ∞         Spirit   .   (no helmet)
rElec    +         Reflect  .   (no cloak)
rCorr    .         Harm     .   (no gloves)
MR       +....                  (no boots)
Stlth    ..........             (no amulet)
HPRegen  0.16/turn              i - ring of protection from magic
MPRegen  0.11/turn              (no ring)

@: no status effects
A: negative energy resistance 1, electricity resistance, unbreathing,
petrification resistance, rot immunity, AC +5
a: no special abilities


You were on level 5 of the Dungeon.
You were near starving.

You visited 1 branch of the dungeon, and saw 6 of its levels.

You collected 281 gold pieces.

Inventory:

Hand Weapons
 a - a +0 flail (weapon)
Armour
 b - a +0 scale mail (worn)
 c - a +1 kite shield (worn)
Jewellery
 i - a ring of protection from magic (left hand)
 q - a +4 ring of slaying {unknown}
Scrolls
 k - 3 scrolls of remove curse
 l - 7 scrolls of teleportation
 m - a scroll of enchant weapon
 n - 3 scrolls of blinking
 p - 2 scrolls of enchant armour
 s - 2 scrolls of fear
 u - a scroll of amnesia {unknown}
Potions
 d - a potion of might
 e - 2 potions of heal wounds
 g - a potion of curing {unknown}
 h - 2 potions of resistance {unknown}
 j - a potion of mutation {unknown}
 o - 3 potions of stabbing {unknown}
 r - a potion of lignification {unknown}
Comestibles
 f - 12 rations


   Skills:
 - Level 5.0 Fighting
 + Level 8.9 Maces & Flails
 - Level 3.2 Armour
 - Level 5.0 Shields


You had 7 spell levels left.
You didn't know any spells.
Your spell library was empty.

Dungeon Overview and Level Annotations

Branches:
Dungeon (6/15)             Temple (0/1) D:6

Altars:
Gozag
Kikubaaqudgha
Uskayaw
Wu Jian
Yredelemnul
Zin
The Shining One


Innate Abilities, Weirdness & Mutations

You are resistant to torment.
Your stone body is resilient. (AC +5)
You are immune to poison.
You resist negative energy. (rN+)
You are resistant to electric shocks. (rElec)
You can survive without breathing.
You are immune to petrification.
You are immune to rotting.


Message History

The orc hits you but does no damage.
You are too injured to fight recklessly!
You are too injured to fight recklessly!
You are too injured to fight recklessly!
You are too injured to fight recklessly!
You are too injured to fight recklessly!
You are too injured to fight recklessly!
You are too injured to fight recklessly!
You are too injured to fight recklessly!
You are too injured to fight recklessly!
You barely miss the orc warrior.
The orc warrior is almost dead.
The orc warrior hits you with a +0 short sword!
* * * LOW HITPOINT WARNING * * *
The orc hits you but does no damage.
You hit the orc warrior but do no damage.
The orc warrior is almost dead.
You block the orc's attack.
The orc warrior hits you with a +0 short sword!
You die...

#.# #......#.#.# #.#
#......#.#.# #.#
#......#.#.# #.#
#......#.#.######## #####.#
#......#..........# ....#.#
#######.#.########.#
......###................#.#
...#..##........#.######.#.#
...+...+.......o@.# #.#.#
...##..#.........o# #.#.#
#####..####.###...# #.#.#
..............#...######.#.#
#####.......#.#..........#.#
# ##.###.<#.#..#########.# #
#............# #.# #
##..##.##.##.#########.## #
#........##...^........#


You could see an orc warrior and an orc (fast).

Vanquished Creatures
  A sky beast (D:5)
  2 ogres
  A phantom (D:5)
  A centaur (D:6)
  A water moccasin zombie (D:5)
  A scorpion (D:4)
  A howler monkey (D:5)
  A crimson imp (D:5)
  A centaur zombie (D:4)
  A hound (D:5)
  A quasit (D:4)
  2 orc wizards (D:4)
  An orc priest (D:6)
  2 bullfrog skeletons
  Terence (D:3)
  An iguana (D:4)
  3 worker ants (D:5)
  6 adders
  4 gnolls
  2 howler monkey skeletons (D:5)
  A shadow imp (D:5)
  5 oozes
  2 adder skeletons
  2 worms
  A dart slug (D:1)
  4 leopard geckos
  19 orcs
  8 giant cockroaches
  12 goblins
  A hobgoblin (D:1)
  4 jackals
  7 kobolds
  4 quokkas (D:2)
  7 bats
  7 frilled lizards
  A leopard gecko zombie (D:5)
  A quokka zombie (D:5)
  6 rats
126 creatures vanquished.

Notes
Turn   | Place    | Note
-------+----------+-------------------------------------------
     0 | D:1      | Delamore the Gargoyle Fighter began the quest for the Orb.
     0 | D:1      | Reached XP level 1. HP: 14/14 MP: 1/1
    64 | D:1      | Reached XP level 2. HP: 14/19 MP: 2/2
   574 | D:1      | Reached XP level 3. HP: 22/24 MP: 3/3
   810 | D:2      | Found an opulent altar of Gozag.
   810 | D:2      | Found a glowing silver altar of Zin.
   912 | D:2      | Found an ornate altar of the Wu Jian Council.
   912 | D:2      | Found an ancient bone altar of Kikubaaqudgha.
  1115 | D:2      | Reached XP level 4. HP: 29/29 MP: 4/4
  1222 | D:2      | Reached skill level 3 in Maces & Flails
  2683 | D:3      | Noticed Terence
  2692 | D:3      | Killed Terence
  2692 | D:3      | Reached XP level 5. HP: 34/34 MP: 5/5
  2999 | D:3      | Noticed an ogre
  3019 | D:3      | Killed an ogre
  3019 | D:3      | Reached XP level 6. HP: 14/40 MP: 6/6
  3021 | D:3      | Reached skill level 5 in Shields
  3294 | D:4      | Reached skill level 5 in Fighting
  3294 | D:4      | Reached skill level 4 in Maces & Flails
  3605 | D:4      | Reached skill level 5 in Maces & Flails
  3619 | D:4      | Reached XP level 7. HP: 41/44 MP: 7/7
  4086 | D:4      | Found a glowing golden altar of the Shining One.
  4097 | D:4      | Found a basalt altar of Yredelemnul.
  4479 | D:4      | Noticed an angel
  4498 | D:5      | Entered Level 5 of the Dungeon
  4537 | D:5      | Reached skill level 6 in Maces & Flails
  4673 | D:5      | Reached skill level 7 in Maces & Flails
  5139 | D:5      | Reached XP level 8. HP: 49/49 MP: 8/8
  5278 | D:5      | Reached skill level 8 in Maces & Flails
  5966 | D:6      | Found a staircase to the Ecumenical Temple.
  5967 | D:6      | Found a hide-covered altar of Uskayaw.
  5967 | D:6      | Noticed a +0 dagger
  5968 | D:6      | Noticed a +0 dagger
  6072 | D:5      | Slain by an orc warrior

Illustrated notes

Levels and vault maps discovered:
D:1:      shiori_arrival_maze, layout_basic
D:2:      minmay_recursive_quarters, layout_loops_ring,
          grunt_temple_overflow_gold_and_silver, gammafunk_temple_overflow_wave
D:3:      layout_basic, first_ration, kennysheep_nub, minmay_ogre_servants,
          uniq_terence
D:4:      layout_loops_ring, grunt_temple_overflow_holy_war
D:5:      minmay_diamond_boxcup, layout_basic
D:6:      layout_rooms, dancing_weapons_uskayaw, minmay_temple_entry_grid,
          portal_sewer_entry_b

Skill      XL: |  1  2  3  4  5  6  7  8 |
---------------+-------------------------+-----
Shields        | 4 5 |  5.0
Fighting       | 4 5 |  5.0
Maces & Flails | 3 5 7 8 |  8.9
Armour         | |  3.2

Action                   |  1- 3 |  4- 6 |  7- 9 || total
-------------------------+-------+-------+-------++-------
Melee: Flail             |   159 |   207 |   265 ||   631
  Use: Scroll            |       |     5 |     3 ||     8
  Eat: Chunk             |     1 |     8 |     7 ||    16
Armor: Scale mail        |   129 |    83 |   134 ||   346
Dodge: Dodged            |    62 |    48 |    79 ||   189
Block: Kite shield       |   118 |   106 |   128 ||   352
